 Dungeon Crawl Stone Soup version 0.31-a0-142-g31f6795574 (webtiles) character file.

Game seed: 2588080673909140640

4509 holysushi the Cleaver (level 10, -10/70 HPs)
             Began as a Demonspawn Gladiator on June 4, 2023.
             Mangled by a sixfirhy (11 damage)
             ... on level 1 of the Abyss.
             The game lasted 00:09:39 (6395 turns).

holysushi the Cleaver (Demonspawn Gladiator)        Turns: 6395, Time: 00:09:40

Health: -10/70     AC: 11    Str: 20      XL:     10   Next: 16%
Magic:  10/10      EV: 11    Int:  8 (9)  God:
Gold:   313        SH: 11    Dex: 20      Spells: 9/9 levels left

rFire   . . .        a - +1 war axe
rCold   . . .        f - +2 kite shield
rNeg    . . .        h - +0 scale mail
rPois   .            (helmet unavailable)
rElec   .            r - +0 cloak {rCorr}
rCorr   +            (no gloves)
SInv    .            o - +0 pair of boots
Will    .....        c - amulet of regeneration Stlth
                     n - +6 ring of dexterity
HPRegen 1.11/turn    (no ring)
MPRegen 0.12/turn

%: no passive effects
@: no status effects
A: horns 3, molten scales 2, foul stench 2, spiny 1
a: no special abilities


You were on level 1 of the Abyss.
You visited 1 branch of the dungeon, and saw 8 of its levels.
You visited the Abyss 1 time.

You collected 313 gold pieces.

Inventory:

Hand Weapons
 a - a +1 war axe (weapon)
Missiles
 d - 6 throwing nets (quivered)
 e - 4 javelins
Armour
 b - a +0 leather armour
 f - a +2 kite shield (worn)
 h - a +0 scale mail (worn)
 o - a +0 pair of boots (worn)
 r - a +0 cloak of preservation (worn)
Jewellery
 c - an amulet of regeneration (around neck)
 n - a +6 ring of dexterity (left hand)
 t - a ring of flight
 w - a ring of magical power
Wands
 p - a wand of iceblast (5)
 q - a wand of flame (21)
 v - a wand of polymorph (7)
Scrolls
 i - 2 scrolls of identify
 l - a scroll of blinking
 m - a scroll of poison
Potions
 g - a potion of enlightenment
 j - 5 potions of brilliance
 k - a potion of lignification
 u - a potion of ambrosia
 z - a potion of curing
 B - a potion of heal wounds


   Skills:
 - Level 3.0 Fighting
 + Level 12.4 Axes
 - Level 1.7 Throwing
 - Level 1.0 Armour
 - Level 5.0 Dodging
 - Level 2.0 Shields
 - Level 3.0 Evocations


You had 9 spell levels left.
You didn't know any spells.
Your spell library contained the following spells:

 Spells                   Type           Power      Damage    Failure   Level
 Sandblast                Erth           0%         2d4       98%         1
 Summon Small Mammal      Summ           0%         N/A       98%         1
 Ensorcelled Hibernation  Hex/Ice        0%         N/A       99%         2
 Passwall                 Tmut/Erth      0%         N/A       99%         2
 Call Canine Familiar     Summ           0%         N/A       100%        3
 Inner Flame              Hex/Fire       0%         N/A       100%        3
 Stone Arrow              Conj/Erth      0%         3d7       100%        3
 Summon Guardian Golem    Hex/Summ       0%         N/A       100%        3
 Swiftness                Air            0%         N/A       100%        3
 Yara's Violent Unravell  Hex/Tmut       0%         3d3       100%        5
 Enfeeble                 Hex            0%         N/A       100%        7


Dungeon Overview and Level Annotations

Branches:
Dungeon (8/15) Zot: 26423  Temple (0/1) D:4
   Lair: D:8-11

Altars:
Sif Muna

Shops:
D:4 =   D:6 (

Annotations:
D:3 2 transporters, timneilson's ghost, amateur GrFi
D:8 2 transporters, exclusion: upstairs, Psyche


Innate Abilities, Weirdness & Mutations

You have a pair of large horns on your head.
You are mostly covered in molten scales. (AC +3)
You sometimes emit foul miasma when damaged in melee.
You are partially covered in sharp spines.


Message History

You kill the neqoxec!
Really quaff the potion of mutation?
You feel extremely strange.
You feel more energetic.
You feel stronger. The horns on your head grow some more.
Unknown command.
A sixfirhy comes into view.
A sixfirhy is nearby!
The sixfirhy is struck by your spines. The sixfirhy hits you.
The sixfirhy shocks you! You block the sixfirhy's attack. x2
You barely miss the sixfirhy.
The sixfirhy is lightly wounded.
The sixfirhy hits you. The sixfirhy shocks you!
You emit a cloud of foul miasma!
You block the sixfirhy's attack. The sixfirhy is struck by your spines.
The sixfirhy hits you. The sixfirhy shocks you!
The sixfirhy hits you but does no damage.
You are too injured to fight recklessly!
You are too injured to fight recklessly!
You are too injured to fight recklessly!
You slash the sixfirhy!
The sixfirhy is severely wounded.
The sixfirhy is struck by your spines. The sixfirhy barely misses you.
You miss the sixfirhy.
The sixfirhy is severely wounded.
You miss the sixfirhy. Your headbutt misses the sixfirhy.
The sixfirhy is severely wounded.
The sixfirhy hits you!
* * * LOW HITPOINT WARNING * * *
The sixfirhy shocks you!
* * * LOW HITPOINT WARNING * * *
The sixfirhy hits you but does no damage.
You block the sixfirhy's attack.
You closely miss the sixfirhy.
The sixfirhy is heavily wounded.
You block the sixfirhy's attack. The sixfirhy is struck by your spines.
The sixfirhy hits you!
* * * LOW HITPOINT WARNING * * *
The sixfirhy shocks you!
You die...

#. .## . ##
###.# # ##
.. ... .
#.###.# ##
#
#.##.######
...
.........#
# #####
#.#....#
##..##.#
###
#......#
..#.###@#
#..3.#
#...#.#..
.# .......
#.# #..#.
#. ##.##. #
## .# .


You could see a sixfirhy.

Vanquished Creatures
  A smoke demon (Abyss:1)
  A troll (D:8)
  Grinder (D:4)
  6 yaks (D:8)
  2 neqoxecs (Abyss:1)
  A steam dragon (D:8)
  Menkaure (D:4)
  2 small abominations (Abyss:1)
  A water moccasin (D:4)
  2 sky beasts
  An orc warrior (D:7)
  A black bear (D:4)
  2 ogres (D:4)
  A phantom (D:6)
  A bullfrog (D:7)
  4 scorpions
  A gnoll sergeant (D:8)
  3 wights (D:8)
  5 howler monkeys
  A quasit (Abyss:1)
  A jelly (D:4)
  3 orc priests
  Crazy Yiuf (D:2)
  2 hounds
  2 gnoll boudas
  2 sleepcaps
  4 iguanas
  Natasha (D:2)
  2 orc wizards
  Robin (D:3)
  5 adders
  15 gnolls
  A white imp (D:5)
  An ufetubus (D:5)
  2 worms
  2 dart slugs (D:3)
  21 orcs
  4 bats
  8 endoplasms
  2 giant cockroaches
  17 goblins
  8 hobgoblins
  2 jackals (D:3)
  2 quokkas
  6 ball pythons
  3 frilled lizards
  7 kobolds
  8 rats
171 creatures vanquished.

Notes
Turn   | Place    | Note
-------+----------+-------------------------------------------
     0 | D:1      | holysushi the Demonspawn Gladiator began the quest for the
                  | Orb.
     0 | D:1      | Reached XP level 1. HP: 16/16 MP: 1/1
   206 | D:1      | Reached skill level 3 in Axes
   223 | D:1      | Reached skill level 1 in Shields
   223 | D:1      | Gained mutation: You are partially covered in molten
                  | scales. (AC +2) [demonic ancestry]
   223 | D:1      | Reached XP level 2. HP: 14/22 MP: 2/2
   825 | D:2      | Identified the +0 leather armour "Vuerphuji" {Harm rElec
                  | rPois rF-}
  1062 | D:2      | Reached XP level 3. HP: 27/27 MP: 3/3
  1297 | D:2      | Identified the +0 long sword "Valupt" {flame, *Noise rPois
                  | rC++ Dex+3}
  1487 | D:2      | Noticed Natasha
  1497 | D:2      | Killed Natasha
  1498 | D:2      | Reached skill level 1 in Armour
  1498 | D:2      | Gained mutation: You are partially covered in sharp spines.
                  | [demonic ancestry]
  1498 | D:2      | Reached XP level 4. HP: 27/33 MP: 4/4
  1538 | D:2      | Found a runed translucent door.
  1541 | D:2      | Noticed Crazy Yiuf
  1547 | D:2      | Identified the +0 hammer of the Sneaky Leylines {pain,
                  | Dex+3}
  1576 | D:2      | Killed Crazy Yiuf
  1577 | D:2      | Reached skill level 4 in Axes
  2022 | D:3      | Found a transporter.
  2024 | D:3      | Noticed timneilson's ghost (amateur GrFi)
  2025 | D:3      | Noticed an ogre
  2059 | D:3      | Noticed an ogre
  2457 | D:3      | Found a transporter.
  2650 | D:3      | Noticed Robin
  2653 | D:3      | Gained mutation: You may rarely emit foul miasma when
                  | damaged in melee. [demonic ancestry]
  2653 | D:3      | Reached XP level 5. HP: 38/38 MP: 5/5
  2667 | D:3      | Killed Robin
  2922 | D:4      | Noticed an ogre
  2925 | D:4      | Noticed Grinder
  2929 | D:4      | Killed an ogre
  2929 | D:4      | Paralysed by Grinder for 4 turns
  2930 | D:4      | Reached skill level 5 in Axes
  2952 | D:4      | Paralysed by Grinder for 4 turns
  2965 | D:4      | Killed Grinder
  2966 | D:4      | Reached skill level 6 in Axes
  2966 | D:4      | Gained mutation: You sometimes emit foul miasma when
                  | damaged in melee. [demonic ancestry]
  2966 | D:4      | Reached XP level 6. HP: 47/47 MP: 6/6
  3165 | D:4      | Noticed Menkaure
  3256 | D:4      | Killed Menkaure
  3257 | D:4      | Gained mutation: You have a pair of small horns on your
                  | head. [demonic ancestry]
  3257 | D:4      | Reached XP level 7. HP: 12/52 MP: 7/7
  3441 | D:4      | Reached skill level 7 in Axes
  3595 | D:4      | Found a staircase to the Ecumenical Temple.
  3915 | D:4      | Gained mutation: You are mostly covered in molten scales.
                  | (AC +3) [demonic ancestry]
  3915 | D:4      | Reached XP level 8. HP: 58/58 MP: 8/8
  4127 | D:4      | Found Jokkaqu's Jewellery Shop.
  4183 | D:4      | Found a shimmering blue altar of Sif Muna.
  4284 | D:5      | Entered Level 5 of the Dungeon
  4397 | D:5      | Reached skill level 8 in Axes
  4642 | D:5      | Reached skill level 5 in Dodging
  4971 | D:6      | Found Leeproone's Weapon Shoppe.
  5199 | D:6      | Reached skill level 9 in Axes
  5483 | D:7      | Reached XP level 9. HP: 7/63 MP: 9/9
  5571 | D:7      | Noticed a skeletal warrior
  5719 | D:8      | Reached skill level 10 in Axes
  5767 | D:8      | Reached skill level 11 in Axes
  5875 | D:8      | Found a transporter.
  5880 | D:8      | Found a transporter.
  6117 | D:8      | Reached skill level 1 in Evocations
  6145 | D:8      | Noticed a troll
  6147 | D:8      | Noticed Psyche
  6152 | D:8      | Killed a troll
  6153 | D:8      | Reached skill level 12 in Axes
  6160 | Abyss:1  | Cast into level 1 of the Abyss (Psyche)
  6192 | Abyss:1  | Noticed a smoke demon
  6218 | Abyss:1  | Gained mutation: You have a pair of horns on your head.
                  | [demonic ancestry]
  6218 | Abyss:1  | Reached XP level 10. HP: 65/70 MP: 10/10
  6221 | Abyss:1  | Killed a smoke demon
  6322 | Abyss:1  | Noticed a smoke demon
  6323 | Abyss:1  | Noticed a rakshasa
  6355 | Abyss:1  | Gained mutation: You are weak. (Str -2) [a neqoxec]
  6356 | Abyss:1  | Gained mutation: Your magical capacity is low. (-10% MP) [a
                  | neqoxec]
  6360 | Abyss:1  | Lost mutation: Your magical capacity is low. (-10% MP)
                  | [potion of mutation]
  6360 | Abyss:1  | Lost mutation: You are weak. (Str -2) [potion of mutation]
  6360 | Abyss:1  | Gained mutation: You have a pair of large horns on your
                  | head. [potion of mutation]
  6387 | Abyss:1  | Noticed a sixfirhy
  6395 | Abyss:1  | HP: 1/70 [sixfirhy (9)]
  6395 | Abyss:1  | Mangled by a sixfirhy

Illustrated notes

Levels and vault maps discovered:
D:1:      lemuel_arrival_room, layout_loops_ring, serial_bayou_ford_a
D:2:      minmay_spotlight, layout_basic, basic_altar, minmay_hexomino_r4,
          uniq_natasha, uniq_crazy_yiuf_cottage
D:3:      layout_basic, gammafunk_ghost_smash, uniq_robin
D:4:      layout_loops_ring, lemuel_blue_sif_altar, minmay_temple_entry_statues,
          serial_shops, nicolae_shop_tiny_waterfront, serial_rivers,
          chequers_serial_rivers_micro_c, chequers_serial_rivers_micro_c,
          chequers_serial_rivers_small_b, chequers_serial_rivers_micro_a,
          minivault_23, uniq_grinder, uniq_menkaure
D:5:      layout_rooms
D:6:      layout_rooms, serial_shops, shop
D:7:      cheibrodos_fzero, layout_basic, uniq_pikel
D:8:      gammafunk_beogh_shrine, layout_basic, st_stairs_6, uniq_psyche
Abyss:1:  base:
D:3

Skill      XL: |  1  2  3  4  5  6  7  8  9 10 |
---------------+-------------------------------+-----
Axes           | 3 4 6 7 9 12 | 12.4
Shields        | 1 2 |  2.0
Armour         | 1 |  1.0
Fighting       | 3 |  3.0
Dodging        | 4 5 |  5.0
Evocations     | 2 3 |  3.0
Throwing       | |  1.7

Action                     |  1- 3 |  4- 6 |  7- 9 | 10-12 || total
---------------------------+-------+-------+-------+-------++-------
  Melee: War axe           |   100 |    72 |   223 |    17 ||   412
         Headbutt          |       |       |    62 |     5 ||    67
  Evoke: Wand              |       |     3 |    18 |     6 ||    27
    Use: Scroll            |       |     8 |     5 |       ||    13
         Potion            |       |     2 |     5 |     1 ||     8
   Stab: Sleeping          |     1 |       |       |       ||     1
 Armour: Leather armour    |    34 |       |       |       ||    34
         Scale mail        |     8 |    26 |    71 |    11 ||   116
         Skin              |       |     4 |       |       ||     4
  Dodge: Dodged            |    43 |    24 |    82 |    10 ||   159
  Block: Kite shield       |    47 |    36 |   154 |    18 ||   255

Table legend: (Time is in decaauts)
 A = Elapsed time spent in this place.
 B = Non-inter-level travel time spent in this place.
 C = Inter-level travel time spent in this place.
 D = Time resting spent in this place.
 E = Time spent auto-exploring this place.
 F = Levels seen in this place.
 G = Mean time per level.
                   A        B        C        D        E       F      G
               +--------+--------+--------+--------+--------+-----+--------+
         Total |   6539 |   6408 |    131 |    892 |   3817 |   9 |  726.6 |
       Dungeon |   6303 |   6172 |    131 |    874 |   3817 |   8 |  787.9 |
         Abyss |    235 |    235 |      0 |     18 |      0 |   1 |  235.0 |
               +--------+--------+--------+--------+--------+-----+--------+

Top non-repeatable levels by time:
     D:4: 1309 daAuts
     D:2: 1188 daAuts
     D:3: 1155 daAuts
     D:1: 826 daAuts
     D:5: 613 daAuts
     D:8: 575 daAuts
     D:6: 403 daAuts
 Abyss:1: 235 daAuts
     D:7: 231 daAuts
